 Dungeon Crawl Stone Soup version 0.21.1-1-g345015f (webtiles) character file.

88 Mgcat the Skirmisher (level 4, 0/37 HPs)
             Began as a Human Berserker on Mar 1, 2018.
             Was a Believer of Trog.
             Succumbed to a worker ant's poison
             ... on level 2 of the Dungeon.
             The game lasted 00:03:46 (1960 turns).

Mgcat the Skirmisher (Human Berserker)              Turns: 1960, Time: 00:03:47

Health: 0/37       AC:  3    Str: 18    XL:     4   Next: 82%
Magic:  4/4        EV: 12    Int:  7    God:    Trog [**....]
Gold:   169        SH:  0    Dex: 13    Spells: 3/3 levels left

rFire    . . .     SeeInvis .   a - +0 hand axe
rCold    . . .     Gourm    .   (no shield)
rNeg     . . .     Faith    .   b - +1 animal skin
rPois    .         Spirit   .   (no helmet)
rElec    .         Reflect  .   (no cloak)
rCorr    .         Harm     .   (no gloves)
MR       .....                  (no boots)
Stlth    +.........             j - amulet of regeneration {+regen, !d}
HPRegen  0.52/turn              f - ring of flight {+Fly, !d}
MPRegen  0.09/turn              (no ring)

@: lethally poisoned (0 -> -11), berserk cooldown
A: no striking features
a: Berserk, Trog's Hand, Burn Spellbooks, Renounce Religion, Evoke Flight


You were on level 2 of the Dungeon.
You worshipped Trog.
Trog was pleased with you.
You were not hungry.

You visited 1 branch of the dungeon, and saw 2 of its levels.

You collected 169 gold pieces.

Inventory:

Hand Weapons
 a - a +0 hand axe (weapon)
Armour
 b - a +1 animal skin (worn)
Jewellery
 f - a ring of flight (left hand) {+Fly, !d}
   (You found it on level 1 of the Dungeon)
 j - an amulet of regeneration (around neck) {+regen, !d}
   (You found it on level 1 of the Dungeon)
Scrolls
 i - 2 scrolls of identify
 k - a scroll of noise {unknown}
 l - a scroll of teleportation {unknown}
Potions
 e - a potion of mutation {!q}
 g - a potion of haste
 h - a potion of lignification {unknown}
Comestibles
 c - 4 rations
 d - 10 chunks of flesh {@w0}


   Skills:
 + Level 3.8 Fighting
 + Level 3.8 Axes
 + Level 3.1 Armour
 - Level 2.0 Dodging


You had 3 spell levels left.
You didn't know any spells.

Dungeon Overview and Level Annotations

Branches:
Dungeon (2/15)

Altars:
Dithmenos


Message History

You are more poisoned.
The adder poisons you!
You barely miss the adder.
The adder is heavily wounded.
You feel sick. The adder bites you.
You are more poisoned.
The adder poisons you! The adder barely misses you.
You are too injured to fight recklessly!
You are too injured to fight recklessly!
You are too injured to fight recklessly!
You are too injured to fight recklessly!
A red film seems to cover your vision as you go berserk!
You feel yourself moving faster!
You feel mighty!
You are feeling hungry.
You feel sick. The adder bites you but does no damage.
You hit the adder.
You kill the adder!
Trog accepts your kill.
Your Armour skill increases to level 3!
You feel sick.
An adder comes into view.
You feel sick.
The adder hisses angrily.
You see here an adder corpse.
You hit the adder.
The adder is heavily wounded.
You feel sick. The adder closely misses you.
A leopard gecko comes into view.
You slash the adder!
You kill the adder!
Trog accepts your kill.
You feel sick.
The leopard gecko completely misses you.
You see here an adder corpse.
You slash the leopard gecko!
You kill the leopard gecko!
Trog accepts your kill.
You feel sick.
You feel a strong urge to attack something.
You feel sick.
You are no longer berserk.
You are exhausted.
You feel yourself slow down.
Eating one of 8 chunks of flesh {@w0}.
You eat one of the 8 chunks of flesh {@w0}.
This raw flesh tastes terrible.
You feel sick.
You feel sick.
You feel sick.
You feel sick.
You feel sick.
You feel sick.
You feel sick.
You feel sick.
You feel sick.
You feel sick.
You are no longer poisoned.
You butcher the adder corpse.
d - 9 chunks of flesh {@w0} (gained 2)
You butcher the adder corpse.
d - 10 chunks of flesh {@w0} (gained 1)
A worker ant and a giant cockroach come into view.
The worker ant twitches its antennae in your direction.
The worker ant bites you but does no damage.
You slash the worker ant!
The worker ant is heavily wounded.
The worker ant bites you. x2
You are poisoned.
The worker ant poisons you!
You barely miss the worker ant.
The worker ant is heavily wounded.
You feel sick. The worker ant bites you.
You are more poisoned.
The worker ant poisons you! The worker ant bites you.
You are more poisoned.
The worker ant poisons you!
You are too injured to fight recklessly!
You are too injured to fight recklessly!
You are too injured to fight recklessly!
You are too injured to fight recklessly!
You barely miss the worker ant.
The worker ant is heavily wounded.
You feel very sick. The worker ant bites you.
You are more poisoned.
The worker ant poisons you! The worker ant closely misses you.
You barely miss the worker ant.
The worker ant is heavily wounded.
You feel yourself speed up.
You feel very sick. The worker ant bites you.
The worker ant bites you but does no damage.
You're still recovering from your berserk rage.
You hit the worker ant.
The worker ant is severely wounded.
* * * LOW HITPOINT WARNING * * *
You feel sick. The worker ant bites you.
* * * LOW HITPOINT WARNING * * *
The worker ant bites you!
* * * LOW HITPOINT WARNING * * *
You die...

#...####.#.###
***#####**###...###
*,*,#...#,*,#.#.#..
##,#),#..#,*#.#.#.#
*.#.,**#..#,#.#.#.#
##..**.##..##.#....
#..##...##..#.###.#
#.(.as/..##...# #.#
#.@##...##..### #.#
##..##.##..## #.#
#.#..###..#.# #.#
##.#..#..#)## #.#
#.#.#...#.#.# #.#
############# *,,
***


You could see a worker ant and a giant cockroach.

Vanquished Creatures
  3 adders (D:2)
  3 worms (D:2)
  4 dart slugs
  2 leopard geckos
  2 giant cockroaches (D:1)
  6 hobgoblins
  8 kobolds
  2 quokkas (D:2)
  A ball python (D:1)
  3 bats (D:2)
  3 frilled lizards
  3 goblins
  6 rats
46 creatures vanquished.

Notes
Turn   | Place    | Note
-------+----------+-------------------------------------------
     0 | D:1      | Mgcat the Human Berserker began the quest for the Orb.
     0 | D:1      | Reached XP level 1. HP: 18/18 MP: 1/1
    63 | D:1      | Reached XP level 2. HP: 17/24 MP: 2/2
   873 | D:1      | Reached XP level 3. HP: 22/29 MP: 3/3
  1414 | D:2      | Found a shadowy altar of Dithmenos.
  1569 | D:2      | Reached ** piety under Trog
  1652 | D:2      | Reached XP level 4. HP: 30/36 MP: 4/4
  1917 | D:2      | Reached skill level 3 in Armour
  1959 | D:2      | HP: 9/37 [worker ant (2)]
  1959 | D:2      | HP: 1/37 [worker ant (8)]
  1960 | D:2      | Succumbed to a worker ant's poison

Skill      XL: |  1  2  3  4 |
---------------+-------------+-----
Armour         | 3 |  3.1
Fighting       | |  3.8
Axes           | |  3.8
Dodging        | |  2.0

Action                   |  1- 3 |  4- 6 || total
-------------------------+-------+-------++-------
Melee: Hand axe          |   106 |    62 ||   168
Invok: Berserk           |     1 |     1 ||     2
  Use: Scroll            |     4 |       ||     4
 Stab: Sleeping          |     1 |     4 ||     5
  Eat: Chunk             |     3 |     2 ||     5
Armor: Animal skin       |    16 |    12 ||    28
Dodge: Dodged            |    66 |    23 ||    89

Vault maps used:
D:1:      sevenhm_arrival_forest_fort_large_2
D:2:      minmay_diamond_boxcup, nicolae_dithmenos_through_a_glass_darkly

Table legend:
 A = Turns spent in this place as a percentage of turns spent in the entire game.
 B = Non-inter-level travel turns spent in this place as a percentage of non-inter-level travel turns spent in the entire game.
 C = Inter-level travel turns spent in this place as a percentage of turns spent in this place.
 D = Turns resting spent in this place as a percentage of non-inter-level travel turns spent in this place.
 E = Turns spent auto-exploring this place as a percentage of non-inter-level travel turns spent in this place.
 F = Non-inter-level travel turns spent in this place divided by the number of levels of this place that you've seen.
                   A       B       C       D       E      F
               +-------+-------+-------+-------+-------+----------------------
         Total | 100.0 | 100.0 |   1.7 |   0.3 |  82.1 | 963.0
       Dungeon | 100.0 | 100.0 |   1.7 |   0.3 |  82.1 | 963.0
               +-------+-------+-------+-------+-------+----------------------

Table legend:
 A = Kills in this place as a percentage of kills in entire the game.
 B = Kills by you in this place as a percentage of kills by you in the entire game.
 C = Kills by friends in this place as a percentage of kills by friends in the entire game.
 D = Other kills in this place as a percentage of other kills in the entire game.
 E = Experience gained in this place as a percentage of experience gained in the entire game.
 F = Experience gained in this place divided by the number of levels of this place that you have seen.
                   A       B       C       D       E      F
               +-------+-------+-------+-------+-------+----------------------
         Total | 100.0 | 100.0 |   N/A |   N/A | 100.0 |  63.5
       Dungeon | 100.0 | 100.0 |   N/A |   N/A | 100.0 |  63.5
               +-------+-------+-------+-------+-------+----------------------
